 Dungeon Crawl Stone Soup version 0.17.1-2-g5865329 (webtiles) character file.

149415 Sacchan the Acrobat (level 18, 0/118 HPs)
             Began as a Kobold Berserker on Jan 18, 2016.
             Was a High Priest of Trog.
             Succumbed to a merfolk impaler's poison
             ... on level 2 of the Shoals.
             The game lasted 02:55:12 (32024 turns).

Sacchan the Acrobat (Kobold Berserker)             Turns: 32024, Time: 02:55:12

Health: 0/118      AC: 11    Str: 24    XL:     18   Next: 13%
Magic:  18/18      EV: 33    Int: 11    God:    Trog [*****.]
Gold:   2373       SH:  8    Dex: 17    Spells: 0 memorised, 17 levels left

rFire  . . .     SeeInvis .     J - +12 short sword "Seupen" {venom, rN+ MR+ Str+3}
rCold  . . .     Clarity  .     I - +0 steam dragon armour
rNeg   + + .     SustAt   .     s - +1 buckler {rN+}
rPois  +         Gourm    .     (helmet restricted)
rElec  .         Spirit   .     D - +2 cloak
rCorr  .         Warding  .     o - +1 pair of gloves
rMut   .         Stasis   .     (no boots)
MR     ++...                    R - amulet of regeneration
Stlth  ++........               x - ring of poison resistance
                                A - +4 ring of protection

@: brilliant, lethally poisoned (0 -> -7), exhausted, slowed, very slow, very
resistant to hostile enchantments, unstealthy
A: horns 1, talons 1, carnivore 3, deformed body, sense surroundings 1, wild
magic 1, no device heal 2
a: Berserk, Trog's Hand, Brothers in Arms, Burn Spellbooks, Renounce Religion


You were on level 2 of the Shoals.
You worshipped Trog.
Trog was extremely pleased with you.
You were not hungry.

You visited 5 branches of the dungeon, and saw 31 of its levels.
You visited the Abyss 1 time.
You also visited: Labyrinth.

You collected 2630 gold pieces.
You spent 257 gold pieces at shops.

Inventory:

Hand Weapons
 F - the +3 hand crossbow of Bovit {flame, Dex+3}
   (You found it in a labyrinth)

   It causes projectiles fired from it to burn those they strike, causing extra
   injury to most foes and up to half again as much damage against particularly
   susceptible opponents.
   It affects your dexterity (+3).
 H - the +4 rapier of the Sugar Beet {speed, +Fly rElec Dex+4}
   (You found it on level 8 of the Dungeon)

   Attacks with this weapon are significantly faster.
   It affects your dexterity (+4).
   It insulates you from electricity.
   It lets you fly.
 J - the +12 short sword "Seupen" (weapon) {venom, rN+ MR+ Str+3}
   (Trog gifted it to you on level 6 of the Lair of Beasts)

   It poisons the flesh of those it strikes.
   It affects your strength (+3).
   It protects you from negative energy.
   It affects your resistance to hostile enchantments.
 T - a +6 rapier of protection
Missiles
 Q - 24 silver tomahawks (quivered)
Armour
 o - a +1 pair of gloves (worn)
 s - a +1 buckler of positive energy (worn)
 y - the +2 helmet of Lishrevue {rElec rPois rF- rN+++}
   (You found it on level 6 of the Dungeon)

   It makes you vulnerable to fire.
   It insulates you from electricity.
   It protects you from poison.
   It renders you almost immune to negative energy.
 D - a +2 cloak (worn)
 I - a +0 steam dragon armour (worn)
Rods
 v - a +3 rod of shadows (14/14)
   (You took it off a merfolk on level 1 of the Shoals)
Jewellery
 m - an uncursed ring of protection from cold
 x - a ring of poison resistance (right hand)
 A - a +4 ring of protection (left hand)
 L - an uncursed ring of stealth
 R - an amulet of regeneration (around neck)
Wands
 e - a wand of flame (21)
 f - a wand of magic darts (21)
 h - a wand of disintegration (12)
 z - a wand of polymorph (14)
 E - a wand of draining (3)
 K - a wand of magic darts (17)
Scrolls
 g - a scroll of magic mapping
 k - 5 scrolls of recharging
 l - 4 scrolls of enchant weapon
 n - 2 scrolls of fog
 q - 3 scrolls of teleportation
 r - a scroll of remove curse
 t - 5 scrolls of identify
 w - 2 scrolls of enchant armour
 B - a scroll of blinking
 G - a scroll of holy word
 U - a scroll of fear
Potions
 b - a potion of magic
 j - a potion of resistance
 C - a potion of invisibility
 M - 5 potions of might
 S - a potion of flight
 Y - 4 potions of agility
 Z - a potion of cancellation
Books
 a - an Akashic Record

   Spells                             Type                      Level
   a - Dispersal                      Translocation                6
   b - Malign Gateway                 Summoning/Translocation      7
   c - Disjunction                    Translocation                8
   d - Controlled Blink               Translocation                8
   Trog disapproves of the use of such an item.
 d - a book of Clouds

   Spells                             Type                      Level
   a - Mephitic Cloud                 Conjuration/Poison/Air       3
   b - Conjure Flame                  Conjuration/Fire             3
   c - Poisonous Cloud                Conjuration/Poison/Air       6
   d - Freezing Cloud                 Conjuration/Ice/Air          6
   e - Ring of Flames                 Charms/Fire                  7
   Trog disapproves of the use of such an item.
 u - a book of Transfigurations

   Spells                             Type                      Level
   a - Stoneskin                      Transmutation/Earth          2
   b - Irradiate                      Conjuration/Transmutation    5
   c - Statue Form                    Transmutation/Earth          6
   d - Hydra Form                     Transmutation                6
   e - Dragon Form                    Transmutation                7
   Trog disapproves of the use of such an item.
 N - a book of Beasts

   Spells                             Type                      Level
   a - Summon Butterflies             Summoning                    1
   b - Call Canine Familiar           Summoning                    3
   c - Summon Ice Beast               Ice/Summoning                4
   d - Summon Mana Viper              Hexes/Summoning              5
   e - Summon Hydra                   Summoning                    7
   Trog disapproves of the use of such an item.
 W - a book of Flames

   Spells                             Type                      Level
   a - Flame Tongue                   Conjuration/Fire             1
   b - Throw Flame                    Conjuration/Fire             2
   c - Conjure Flame                  Conjuration/Fire             3
   d - Inner Flame                    Hexes/Fire                   3
   e - Sticky Flame                   Conjuration/Fire             4
   f - Fireball                       Conjuration/Fire             5
   Trog disapproves of the use of such an item.
 X - a book of the Dragon

   Spells                             Type                      Level
   a - Flame Tongue                   Conjuration/Fire             1
   b - Cause Fear                     Hexes                        4
   c - Bolt of Fire                   Conjuration/Fire             6
   d - Dragon Form                    Transmutation                7
   e - Dragon's Call                  Summoning                    9
   Trog disapproves of the use of such an item.
Miscellaneous
 V - a plain deck of wonders {drawn: 1}
Comestibles
 c - 13 meat rations
 i - 18 beef jerkies
 p - 12 slices of pizza
 P - 3 royal jellies


   Skills:
 * Level 14.9 Fighting
 + Level 21.1 Short Blades
 - Level 1.5 Armour
 + Level 21.8 Dodging
 - Level 7.1 Shields


You had 17 spell levels left.
You didn't know any spells.

Dungeon Overview and Level Annotations

Branches:
Dungeon (15/15)            Temple (1/1) D:7            Lair (8/8) D:9
 Shoals (3/4) Lair:5        Snake (0/4) Lair:6        Slime (0/6) Lair:7
    Orc (4/4) D:9             Elf (0/3) Orc:3        Vaults (0/5) D:13
 Depths: D:15

Altars:
Ashenzari
Cheibriados
Dithmenos
Elyvilon
Fedhas
Gozag
Kikubaaqudgha
Makhleb
Nemelex Xobeh
Okawaru
Qazlal
Sif Muna
Trog
Vehumet
Xom
Yredelemnul
Zin
The Shining One
Beogh
Jiyva

Shops:
D:5 [   D:9 ?=   D:10 :   D:11 *   D:12 (%   D:13 !   Orc:3 :%   Orc:4 [*[:
Shoals:2 (   Shoals:3 [}

Annotations:
D:12 3 runed doors, exclusion: ice statue
Lair:3 exclusion: oklob plant
Lair:7 exclusion: oklob plant
Lair:8 exclusion: oklob plant


Innate Abilities, Weirdness & Mutations

You are small and have problems with some larger weapons.
You are carnivorous and can eat meat at any time.
You have a pair of small horns on your head.
You have sharp toenails.
Armour fits poorly on your strangely shaped body.
You passively map a small area around you.
Your spells are a little harder to cast, but a little more powerful.
Potions and wands are poor at restoring your health.


Message History

You climb upwards.
* * * LOW HITPOINT WARNING * * *
You feel very sick.
There is a stone staircase leading down here.
Drink which item? (? for menu, Esc to quit)
It was a potion of brilliance.
You feel clever all of a sudden.
* * * LOW HITPOINT WARNING * * *
You feel very sick.
Put on which piece of jewellery? (? for menu, Esc to quit)
You're wearing all the rings you can.
Remove which one? (? for menu, Esc to cancel) < or
A - a +4 ring of protection; > or
L - a ring of stealth You remove your ring of stealth.
* * * LOW HITPOINT WARNING * * *
You feel sick.
x - a ring of poison resistance (right hand)
* * * LOW HITPOINT WARNING * * *
You feel sick.
You die...

...).....≈.≈≈≈......###..≈≈≈≈≈≈≈≈
.....≈....≈≈≈≈≈...≈......≈≈≈≈≈≈≈≈
....≈≈≈≈.≈≈≈......≈≈≈≈≈≈≈≈≈≈≈≈≈≈≈
..≈≈≈≈≈≈≈≈≈≈..###.≈≈≈≈≈≈≈≈≈≈≈≈≈≈≈
≈≈≈≈≈≈≈≈≈≈≈≈.## #.≈≈≈≈≈≈≈≈≈≈≈≈≈≈
≈≈≈≈≈≈≈≈≈≈≈≈..###.†≈≈≈≈≈≈≈≈≈≈≈≈≈
≈≈≈≈≈≈≈≈≈≈≈≈......≈≈≈≈≈≈≈≈≈≈≈≈≈≈
≈≈≈≈≈≈≈≈≈≈≈≈.....≈≈≈≈≈≈≈≈≈≈≈≈≈≈
≈≈≈≈≈≈≈≈≈....###@..≈≈≈≈≈≈≈≈≈≈≈ ≈
≈≈≈≈≈≈...## #..≈≈≈≈≈≈≈≈ ≈
≈≈≈≈≈...### #..≈≈≈≈≈≈≈≈ ≈
≈≈≈≈≈≈≈...# #...≈≈≈≈≈≈≈ ≈ ≈
≈≈≈≈≈≈≈≈..###...≈≈≈≈≈≈≈≈ ≈≈ ≈
≈≈≈≈≈≈≈...##...≈≈≈≈≈≈≈ ≈ ≈
≈≈≈≈≈≈≈≈.......≈≈≈≈≈≈≈ ≈
≈≈≈≈≈≈≈≈≈≈.....≈≈≈≈≈≈≈
≈≈≈≈≈≈≈≈≈≈≈≈≈≈≈≈≈≈≈≈≈


There were no monsters in sight!

Vanquished Creatures
  4 tentacled starspawn (Abyss:1)
  An Executioner (Abyss:1)
  Kirke (Lair:8)
  A revenant (Abyss:1)
  Donald (Orc:3)
  Louise (D:14)
  An orc warlord (Orc:2)
  Nessos (Orc:4)
  A purple draconian (Abyss:1)
  Snorg (Lair:4)
  5 merfolk impalers
  2 green deaths (Abyss:1)
  A minotaur (Lab)
  Fannar (Lair:2)
  The ghost of matthes123 the Brawler, a journeyman TrFi of Makhleb (D:11)
  7 hydras
  2 merfolk avatars
  An alligator snapping turtle (Shoals:2)
  2 merfolk aquamancers (Shoals:3)
  2 centaur warriors (D:13)
  A catoblepas (D:14)
  An orc high priest (Orc:4)
  14 death yaks
  A thrashing horror (Abyss:1)
  Sonja (Lair:1)
  Nergalle (Lair:4)
  A wretched star (Abyss:1)
  2 skeletal warriors (D:15)
  An ice devil (Abyss:1)
  4 sea snakes
  An anaconda zombie (Abyss:1)
  A spatial maelstrom (Abyss:1)
  An unseen horror (D:12)
  A giant orange brain (Abyss:1)
  4 hill giants
  4 harpies (Shoals:2)
  3 orc knights (Orc:4)
  2 wizards
  9 griffons
  3 manticores
  An ugly thing (D:12)
  2 cyclopes
  A wolf spider (Lair:8)
  2 water nymphs (Shoals:2)
  A worldbinder (Abyss:1)
  3 fauns
  3 hornets (Lair:8)
  10 elephants (Lair:6)
  22 spiny frogs
  An orc sorcerer (Orc:4)
  Maurice (D:8)
  9 black mambas
  4 sirens
  3 torpor snails
  A guardian serpent (Lair:8)
  3 smoke demons (Abyss:1)
  An eye of devastation (Abyss:1)
  7 centaur skeletons
  3 fire drakes
  9 komodo dragons
  4 kobold demonologists
  A demonic crawler (Abyss:1)
  2 hellwings (Abyss:1)
  3 efreet
  A blue devil (Abyss:1)
  14 merfolk
  A silent spectre (Abyss:1)
  2 ancient zymes (Abyss:1)
  14 polar bears
  A two-headed ogre (D:13)
  6 trolls
  6 slime creatures (D:13)
  A wind drake (Shoals:3)
  2 boulder beetles (Lair:8)
  6 large abominations (Abyss:1)
  3 spriggan zombies (D:15)
  4 snapping turtles
  A blink frog (Lair:6)
  4 raiju
  A trapdoor spider (D:9)
  4 water elementals
  A fire dragon skeleton (D:15)
  A ynoxinul (Abyss:1)
  4 golden eyes (Abyss:1)
  A tarantella (shapeshifter) (Abyss:1)
  3 steam dragons
  4 basilisks
  A deep elf mage (D:15)
  5 wyverns
  10 hippogriffs
  47 yaks
  4 fire bats (D:13)
  2 chaos spawn (Abyss:1)
  A hungry ghost (D:12)
  A mottled dragon (Lair:8)
  A golden eye (shapeshifter) (D:13)
  4 vampire mosquitoes (D:13)
  8 wargs
  3 nagas (Lair:6)
  31 wolves
  5 hell hounds
  A soldier ant (D:13)
  22 water moccasins
  3 necrophages
  10 porcupines
  20 orc warriors
  5 phantoms
  A wasp (Lair:8)
  5 sky beasts
  4 spiders (Lair:8)
  A swamp drake (Lair:8)
  12 centaurs
  14 black bears
  2 ice beasts
  9 ogres
  An eye of draining (D:13)
  6 big kobolds
  18 giant frogs
  11 crocodiles
  2 wyvern zombies
  2 scorpions
  Dowan (D:7)
  2 lava snakes (D:13)
  An electric eel (Lair:6)
  19 hounds
  3 centaur zombies
  4 crimson imps
  23 orc wizards
  2 quasits
  8 small abominations (Abyss:1)
  4 jellies
  A giant frog zombie (D:12)
  2 giant frog skeletons
  17 worker ants
  16 iguanas
  An iron imp (Abyss:1)
  19 orc priests
  A killer bee zombie (D:11)
  29 sheep
  2 hound zombies (D:7)
  2 hound skeletons
  A mummy (D:6)
  3 gnolls (D:4)
  47 river rats
  18 adders
  14 white imps
  2 oozes
  6 shadow imps
  An ufetubus (Abyss:1)
  An adder zombie (D:5)
  2 worms
  An adder skeleton (D:5)
  4 giant geckos
  123 orcs
  7 hobgoblins
  19 kobolds
  8 quokkas
  6 bats
  8 giant cockroaches
  4 giant newts
  7 goblins
  20 jackals
  A jackal skeleton (D:4)
  A jackal zombie (D:8)
  A quokka skeleton (D:4)
  A quokka zombie (D:5)
  7 rats
  A butterfly (Lair:5)
  2 fire vortices (D:13)
  2 fungi (Lair:8)
  3 plants
  3 tentacles (Shoals:2)
1028 creatures vanquished.

Vanquished Creatures (collateral kills)
  Rupert (Orc:4)
  An Executioner (Abyss:1)
  A merfolk javelineer (Shoals:2)
  5 merfolk aquamancers (Shoals:3)
  2 orc high priests (Orc:4)
  An orc knight (Orc:4)
  A griffon (Shoals:1)
  2 orc sorcerers (Orc:4)
  A smoke demon (Abyss:1)
  4 merfolk
  A snapping turtle (Shoals:1)
  2 water elementals (Shoals:3)
  2 wargs (Orc:2)
  Duvessa (D:7)
  An orc warrior (Orc:2)
  3 orc priests
  2 orc wizards (Orc:4)
  6 orcs
37 creatures vanquished.

Vanquished Creatures (others)
  4 humans (Lair:8)
  A small abomination (Abyss:1)
  An orc priest (Orc:4)
  A bush (Lair:8)
  A fire vortex (D:13)
  36 fungi
  38 plants
  11 starspawn tentacles (Abyss:1)
  4 starspawn tentacle segments (Abyss:1)
  25 tentacles (Shoals:2)
  1582 tentacle segments (Shoals:2)
1704 creatures vanquished.

Grand Total: 2769 creatures vanquished

Notes
Turn   | Place    | Note
--------------------------------------------------------------
     0 | D:1      | Sacchan the Kobold Berserker began the quest for the Orb.
     0 | D:1      | Reached XP level 1. HP: 14/14 MP: 1/1
   215 | D:1      | Reached XP level 2. HP: 10/19 MP: 2/2
   313 | D:1      | Reached ** piety under Trog
   639 | D:1      | Reached XP level 3. HP: 15/23 MP: 3/3
   979 | D:2      | Reached XP level 4. HP: 20/29 MP: 4/4
   993 | D:2      | Reached skill level 5 in Short Blades
  2034 | D:3      | Reached *** piety under Trog
  2340 | D:3      | Reached XP level 5. HP: 33/33 MP: 5/5
  2558 | D:4      | Found an iron altar of Okawaru.
  2562 | D:4      | Found a glowing golden altar of the Shining One.
  2563 | D:4      | Found a radiant altar of Vehumet.
  2689 | D:4      | Reached skill level 5 in Dodging
  2936 | D:4      | Found an opulent altar of Gozag.
  2937 | D:4      | Found a glowing silver altar of Zin.
  3073 | D:4      | Noticed an ogre
  3192 | D:4      | Killed an ogre
  3192 | D:4      | Reached XP level 6. HP: 39/39 MP: 6/6
  3355 | D:4      | Reached **** piety under Trog
  3555 | D:4      | Reached skill level 6 in Short Blades
  3558 | D:4      | Noticed an ice beast
  3576 | D:4      | Killed an ice beast
  3576 | D:4      | Reached XP level 7. HP: 44/44 MP: 7/7
  3799 | D:5      | Entered Level 5 of the Dungeon
  3893 | D:5      | Reached skill level 7 in Dodging
  4217 | D:5      | Reached XP level 8. HP: 32/48 MP: 8/8
  4454 | D:5      | Found a bloodstained altar of Trog.
  4506 | D:5      | Reached skill level 8 in Dodging
  4807 | D:5      | Found Udotu's Antique Armour Emporium.
  5002 | D:6      | Found a stormy altar of Qazlal.
  5068 | D:6      | Got an ichor-stained helmet
  5070 | D:6      | Identified the +2 helmet of Lishrevue {rElec rPois rF- rN+++} (You found it on level 6 of the Dungeon)
  5157 | D:6      | Reached skill level 5 in Fighting
  5183 | D:6      | Found a shattered altar of Ashenzari.
  5546 | D:6      | Found a snail-covered altar of Cheibriados.
  5969 | D:6      | Reached skill level 9 in Short Blades
  6056 | D:6      | Reached XP level 9. HP: 41/54 MP: 9/9
  6127 | D:6      | Gained mutation: You have a pair of small horns on your head. [mutagenic meat]
  6128 | D:6      | Gained mutation: Your magical capacity is low (-10% MP). [mutagenic meat]
  6129 | D:6      | Lost mutation: Your magical capacity is low (-10% MP). [mutagenic meat]
  6130 | D:6      | Gained mutation: You are partially covered in iridescent scales (AC +4). [mutagenic meat]
  6162 | D:7      | Found a sparkling altar of Nemelex Xobeh.
  6274 | D:7      | Reached ***** piety under Trog
  6274 | D:7      | Reached skill level 10 in Short Blades
  6289 | D:7      | Found a staircase to the Ecumenical Temple.
  6295 | Temple   | Entered the Ecumenical Temple
  6519 | D:7      | Noticed Dowan
  6522 | D:7      | Noticed Duvessa
  6531 | D:7      | Killed Dowan
  6538 | D:7      | Killed Duvessa
  6911 | D:8      | Found a deep blue altar of Sif Muna.
  7020 | D:8      | Noticed Maurice
  7027 | D:8      | Reached skill level 11 in Short Blades
  7027 | D:8      | Reached skill level 10 in Dodging
  7066 | D:8      | Killed Maurice
  7151 | D:8      | Reached XP level 10. HP: 55/60 MP: 10/10
  7176 | D:8      | Noticed a two-headed hydra
  7188 | D:8      | Killed a two-headed hydra
  7188 | D:8      | Reached skill level 12 in Short Blades
  7299 | D:8      | Received a gift from Trog
  7386 | D:8      | Gained mutation: You can spit weak poison. [mutagenic meat]
  7399 | D:8      | Gained mutation: You have sharp toenails. [mutagenic meat]
  7400 | D:8      | Gained mutation: You have an increased reservoir of magic (+10% MP). [mutagenic meat]
  7401 | D:8      | Gained mutation: Potions and wands are less effective at restoring your health. [mutagenic meat]
  7467 | D:8      | Got a shimmering rapier
  7469 | D:8      | Identified the +4 rapier of the Sugar Beet {speed, +Fly rElec Dex+4} (You found it on level 8 of the Dungeon)
  7802 | D:9      | Found a staircase to the Lair.
  7838 | D:9      | Found a staircase to the Orcish Mines.
  7852 | D:9      | Found a roughly hewn altar of Beogh.
  7956 | D:9      | Reached skill level 13 in Short Blades
  7982 | D:9      | Reached XP level 11. HP: 47/66 MP: 12/12
  8079 | D:9      | Found Ceor Ama's Jewellery Boutique.
  8155 | D:9      | Found Zuxtet's Magic Scroll Emporium.
  8157 | D:9      | Found a radiant altar of Vehumet.
  8621 | D:10     | Entered Level 10 of the Dungeon
  8687 | Lair:1   | Entered Level 1 of the Lair of Beasts
  8722 | Lair:1   | Noticed Sonja
  8743 | Lair:1   | Killed Sonja
  8743 | Lair:1   | Reached skill level 14 in Short Blades
  9141 | Lair:1   | Received a gift from Trog
  9396 | Lair:1   | Reached skill level 15 in Short Blades
  9892 | Lair:2   | Noticed Fannar
  9998 | Lair:2   | Reached XP level 12. HP: 45/72 MP: 13/13
 10142 | Lair:2   | Killed Fannar
 10703 | Lair:3   | Reached skill level 16 in Short Blades
 11233 | Lair:3   | Received a gift from Trog
 11567 | Lair:3   | Reached skill level 17 in Short Blades
 11670 | Lair:4   | Noticed a death yak
 11670 | Lair:4   | Noticed a death yak
 11689 | Lair:4   | Killed a death yak
 11720 | Lair:4   | Noticed a death yak
 11721 | Lair:4   | Noticed a death yak
 11721 | Lair:4   | Noticed a death yak
 11721 | Lair:4   | Noticed a death yak
 11850 | Lair:4   | Noticed Nergalle
 11870 | Lair:4   | Killed Nergalle
 12035 | Lair:4   | Reached XP level 13. HP: 79/79 MP: 14/14
 12060 | Lair:4   | Noticed Snorg
 12080 | Lair:4   | Killed Snorg
 12184 | Lair:4   | Killed a death yak
 12184 | Lair:4   | Reached skill level 18 in Short Blades
 12195 | Lair:4   | Killed a death yak
 12195 | Lair:4   | Reached skill level 15 in Dodging
 12204 | Lair:4   | Killed a death yak
 12209 | Lair:4   | Killed a death yak
 12241 | Lair:4   | Killed a death yak
 12575 | Lair:5   | Found a staircase to the Shoals.
 12632 | Lair:5   | Reached ****** piety under Trog
 12777 | Lair:5   | Found a labyrinth entrance.
 12810 | Lab      | Entered a labyrinth
 13667 | Lab      | Noticed a minotaur
 13670 | Lab      | Killed a minotaur
 13670 | Lab      | Reached skill level 10 in Fighting
 13673 | Lab      | Got a pitted hand crossbow
 13677 | Lab      | Identified the +3 hand crossbow of Bovit {flame, Dex+3} (You found it in a labyrinth)
 14445 | Lair:6   | Received a gift from Trog
 14448 | Lair:6   | Got an encrusted short sword {god gift}
 14727 | Lair:6   | Reached XP level 14. HP: 75/88 MP: 15/15
 14769 | Lair:6   | Found a staircase to the Snake Pit.
 15132 | Lair:6   | Received a gift from Trog
 15136 | Lair:6   | Identified a scroll of acquirement
 15701 | Lair:6   | Reached skill level 19 in Short Blades
 16330 | Lair:7   | Found a viscous altar of Jiyva.
 16330 | Lair:7   | Found a staircase to the Slime Pits.
 16729 | Lair:7   | Received a gift from Trog
 16735 | Lair:7   | Identified the +12 short sword "Seupen" {venom, rN+ MR+ Str+3} (Trog gifted it to you on level 6 of the Lair of Beasts)
 17107 | Lair:8   | Entered Level 8 of the Lair of Beasts
 17519 | Lair:8   | Received a gift from Trog
 17567 | Lair:8   | Reached XP level 15. HP: 91/96 MP: 16/16
 18194 | Lair:8   | Received a gift from Trog
 18375 | Lair:8   | Noticed Kirke
 18414 | Lair:8   | Killed Kirke
 18837 | Lair:8   | Received a gift from Trog
 19556 | Orc:1    | Entered Level 1 of the Orcish Mines
 19759 | Orc:2    | Noticed an orc warlord
 19762 | Orc:2    | Received a gift from Trog
 19778 | Orc:2    | Killed an orc warlord
 20432 | Orc:3    | Found a staircase to the Elven Halls.
 20523 | Orc:3    | Found Nyuqok's Food Emporium.
 20561 | Orc:3    | Found Fudycsoc's Book Shop.
 20566 | Orc:3    | Noticed Donald
 20587 | Orc:3    | Killed Donald
 20587 | Orc:3    | Received a gift from Trog
 20884 | Orc:4    | Entered Level 4 of the Orcish Mines
 20950 | Orc:4    | Noticed Rupert
 20967 | Orc:4    | Killed Rupert
 20994 | Orc:4    | Found a burning altar of Makhleb.
 21065 | Orc:4    | Noticed Nessos
 21093 | Orc:4    | Reached skill level 20 in Dodging
 21108 | Orc:4    | Killed Nessos
 21381 | Orc:4    | Received a gift from Trog
 21662 | Orc:4    | Reached XP level 16. HP: 57/103 MP: 17/17
 21794 | Orc:4    | Found Founnink's Book Emporium.
 21794 | Orc:4    | Found Jut Uxag's Armour Boutique.
 21796 | Orc:4    | Found Inoth's Antique Armour Emporium.
 21796 | Orc:4    | Found Miwel's General Store.
 21809 | Orc:4    | Bought a potion of heal wounds for 55 gold pieces
 21815 | Orc:4    | Bought a +1 buckler of positive energy for 202 gold pieces
 22243 | D:10     | Found Ziokhloips's Book Boutique.
 22659 | D:10     | Reached skill level 1 in Shields
 22673 | D:10     | Lost mutation: You have a pair of small horns on your head. [potion of cure mutation]
 22673 | D:10     | Lost mutation: You have sharp toenails. [potion of cure mutation]
 22673 | D:10     | Lost mutation: You have an increased reservoir of magic (+10% MP). [potion of cure mutation]
 22673 | D:10     | Lost mutation: You can spit weak poison. [potion of cure mutation]
 22673 | D:10     | Lost mutation: You are partially covered in iridescent scales (AC +4). [potion of cure mutation]
 22955 | D:11     | Found a flagged portal.
 22990 | D:11     | Noticed matthes123's ghost (journeyman TrFi)
 23012 | D:11     | Killed matthes123's ghost
 23059 | D:11     | Received a gift from Trog
 23184 | D:11     | Found Emakhlahi's General Store.
 23532 | D:12     | Found a runed door.
 23545 | D:12     | Found a runed door.
 23564 | D:12     | Found a runed door.
 23596 | D:12     | Found a runed door.
 24240 | D:12     | Found Datz's Food Shop.
 24418 | D:12     | Gained mutation: You have sharp toenails. [mutagenic meat]
 24419 | D:12     | Gained mutation: Armour fits poorly on your strangely shaped body. [mutagenic meat]
 24420 | D:12     | Gained mutation: Your spells are a little harder to cast, but a little more powerful. [mutagenic meat]
 24485 | D:12     | Found Takhyit's Antique Weapon Emporium.
 24922 | D:13     | Reached skill level 5 in Shields
 24976 | D:13     | Found Fasu's Distillery.
 25312 | D:13     | Found a gate to the Vaults.
 25887 | D:14     | Found an iron altar of Okawaru.
 26274 | D:14     | Noticed Louise
 26284 | D:14     | Cast into the Abyss (Louise)
 26304 | Abyss:1  | Gained mutation: You have a pair of small horns on your head. [mutagenic meat]
 26305 | Abyss:1  | Gained mutation: Potions and wands are poor at restoring your health. [mutagenic meat]
 26306 | Abyss:1  | Gained mutation: You passively map a small area around you. [mutagenic meat]
 26361 | Abyss:1  | Received a gift from Trog
 26613 | Abyss:1  | Noticed a tentacled starspawn
 26619 | Abyss:1  | Paralysed by accursed screaming for 1 turns
 26625 | Abyss:1  | Paralysed by accursed screaming for 2 turns
 26762 | Abyss:1  | Found a corrupted altar of Lugonu.
 26795 | Abyss:1  | Found a corrupted altar of Lugonu.
 26802 | Abyss:1  | Noticed a tentacled starspawn
 26973 | Abyss:1  | Noticed an Executioner
 26984 | Abyss:1  | Killed an Executioner
 27304 | Abyss:1  | Noticed a tentacled starspawn
 27315 | Abyss:1  | Killed a tentacled starspawn
 27395 | Abyss:1  | Reached XP level 17. HP: 58/109 MP: 17/17
 27413 | Abyss:1  | Noticed an Executioner
 27427 | Abyss:1  | Killed an Executioner
 27513 | Abyss:1  | Noticed a bone dragon
 27525 | Abyss:1  | Noticed a tentacled starspawn
 27533 | Abyss:1  | Killed a tentacled starspawn
 27564 | Abyss:1  | Noticed a revenant
 27592 | Abyss:1  | Killed a revenant
 27596 | Abyss:1  | Noticed a tentacled starspawn
 27616 | Abyss:1  | Killed a tentacled starspawn
 27627 | Abyss:1  | Noticed a tentacled starspawn
 27638 | Abyss:1  | Killed a tentacled starspawn
 27905 | D:14     | Escaped the Abyss
 27924 | D:14     | Killed Louise
 27924 | D:14     | Reached skill level 21 in Dodging
 28241 | D:15     | Entered Level 15 of the Dungeon
 28913 | Shoals:1 | Entered Level 1 of the Shoals
 29922 | Shoals:2 | Found an ancient bone altar of Kikubaaqudgha.
 30087 | Shoals:2 | Found Ujuklorph's Antique Weapon Shoppe.
 30124 | Shoals:2 | Received a gift from Trog
 31620 | Shoals:3 | Found Vycarhiy's Gadget Boutique.
 31625 | Shoals:3 | Found Ekual's Armour Boutique.
 31739 | Shoals:3 | Reached XP level 18. HP: 82/117 MP: 18/18
 32020 | Shoals:2 | HP: 5/118 [poisoned by a merfolk impaler]
 32022 | Shoals:2 | HP: 2/118 [poisoned by a merfolk impaler]
 32024 | Shoals:2 | Succumbed to a merfolk impaler's poison

Action                   |  1- 3 |  4- 6 |  7- 9 | 10-12 | 13-15 | 16-18 || total
-------------------------+-------+-------+-------+-------+-------+-------++-------
Melee: Short sword       |   112 |    46 |       |       |   873 |  1378 ||  2409
       Dagger            |       |   117 |   413 |    74 |       |       ||   604
       Rapier            |       |       |       |   650 |   896 |   200 ||  1746
       Quick blade       |       |       |       |       |    22 |       ||    22
Throw: Tomahawk          |       |       |       |       |       |     1 ||     1
Invok: Berserk           |     1 |     3 |     6 |     8 |    10 |    11 ||    39
       Burn Spellbooks   |       |     1 |     1 |     2 |     1 |       ||     5
       Brothers in Arms  |       |       |     1 |       |     3 |     8 ||    12
 Abil: Evoke Flight      |       |       |       |       |       |     1 ||     1
Evoke: Wand              |       |       |       |       |     2 |       ||     2
       Deck              |       |       |       |       |       |     1 ||     1
  Use: Scroll            |     4 |     1 |    12 |     8 |     6 |    15 ||    46
       Potion            |       |     4 |     4 |     2 |     7 |    15 ||    32
 Stab: Sleeping          |     1 |     4 |     3 |     9 |    12 |    13 ||    42
       Distracted        |     1 |     1 |     1 |       |     1 |     4 ||     8
  Eat: Chunk             |    10 |    10 |    19 |    32 |    35 |    37 ||   143
       Beef jerky        |       |       |       |       |       |     2 ||     2
       Meat ration       |       |       |       |       |       |     4 ||     4
